 Dungeon Crawl Stone Soup version 0.22-a0-580-gd5db89c (webtiles) character file.

13943 Hebeh the Cleaver (level 11, -18/99 HPs)
             Began as a Minotaur Fighter on July 2, 2018.
             Was an Elder of Trog.
             Demolished by an enormous slime creature (43 damage)
             ... on level 11 of the Dungeon.
             The game lasted 01:03:15 (15349 turns).

Hebeh the Cleaver (Minotaur Fighter)               Turns: 15349, Time: 01:03:17

Health: -18/99     AC: 20    Str: 24    XL:     11   Next: 82%
Magic:  22/22      EV:  7    Int:  5    God:    Trog [****..]
Gold:   404        SH: 13    Dex: 10    Spells: 10/10 levels left

rFire    . . .     SeeInvis .   a - +2 war axe
rCold    + . .     Gourm    .   c - +1 shield
rNeg     . . .     Faith    .   y - +2 plate armour {rC+}
rPois    .         Spirit   .   H - +3 hat "Keudiras" {-Cast MP+9 Slay+3}
rElec    .         Reflect  .   (no cloak)
rCorr    .         Harm     .   (no gloves)
MR       +....     NoCast   +   o - +0 pair of boots
Stlth    ..........             (no amulet)
HPRegen  0.26/turn              t - ring of protection from magic
MPRegen  0.18/turn              D - +1 ring of evasion

@: no status effects
A: retaliatory headbutt, horns 2
a: Berserk, Trog's Hand, Brothers in Arms, Renounce Religion


You were on level 11 of the Dungeon.
You worshipped Trog.
Trog was greatly pleased with you.
You were very hungry.

You visited 2 branches of the dungeon, and saw 13 of its levels.

You collected 404 gold pieces.

Inventory:

Hand Weapons
 a - a +2 war axe (weapon)
 b - a +0 hunting sling
 g - a +0 flail of protection
Missiles
 p - 39 sling bullets
 w - a javelin (quivered)
Armour
 c - a +1 shield (worn)
 o - a +0 pair of boots (worn)
 y - a +2 plate armour of cold resistance (worn)
 H - the +3 hat "Keudiras" (worn) {-Cast MP+9 Slay+3}
   (You found it on level 8 of the Dungeon)

   It affects your accuracy and damage with ranged weapons and melee attacks
   (+3).
   It affects your magic capacity (+9).
   It prevents spellcasting.
Jewellery
 t - a ring of protection from magic (left hand)
 D - a +1 ring of evasion (right hand)
Wands
 G - a wand of acid (13)
 J - a wand of disintegration (17)
Scrolls
 i - 5 scrolls of remove curse
 j - 3 scrolls of fog
 m - 2 scrolls of identify
 n - 2 scrolls of enchant armour
 s - 2 scrolls of magic mapping
Potions
 d - 2 potions of might
 e - a potion of agility {unknown}
 h - a potion of flight {unknown}
 r - a potion of ambrosia {unknown}
 u - 2 potions of degeneration {unknown}
 A - a potion of lignification {unknown}
 B - a potion of brilliance {unknown}
 C - a potion of mutation {unknown}
 E - a potion of haste {unknown}
 K - 3 potions of cancellation {unknown}
Comestibles
 f - 16 rations


   Skills:
 + Level 9.9 Fighting
 * Level 12.7 Axes
 - Level 4.5(6.0) Slings
 + Level 5.5(6.1) Throwing
 + Level 9.8 Armour
 + Level 9.8 Shields
 + Level 5.0 Evocations


You had 10 spell levels left.
You didn't know any spells.
Your spell library was empty.

Dungeon Overview and Level Annotations

Branches:
Dungeon (12/15)            Temple (0/1) D:6            Lair (1/6) D:10
    Orc: D:9-12

Altars:
Fedhas
Gozag
Sif Muna
Trog
Yredelemnul

Shops:
D:10 =

Annotations:
D:9 Maurice


Innate Abilities, Weirdness & Mutations

You reflexively headbutt those who attack you in melee.
You have a pair of horns on your head.


Message History

You headbutt the enormous slime creature!
The enormous slime creature is severely wounded.
The enormous slime creature hits you!!!
Ouch! That really hurt!
* * * LOW HITPOINT WARNING * * *
You hear an angry hiss.
A slime creature comes into view.
The slime creature quivers.
There is a stone staircase leading up, spattered with blood here.
You block the enormous slime creature's attack.
You climb upwards.
You are feeling very hungry.
There is a stone staircase leading down here.
You slash the enormous slime creature!
The enormous slime creature is severely wounded.
The enormous slime creature hits you but does no damage.
You hit the enormous slime creature.
The enormous slime creature is almost dead.
The enormous slime creature hits you!!!
You die...

.......######.# ####...# #.#
##### #.# ############.#
#...##.......# #......####..#
##...#### #..# .......#
#..########### ##...#รท#
#...J@.......# ##.##.###
##.#########.#
###......####.## #.#
#..............# #.#
#.#.##...####..##### #.####
#.#.##.............####.##:##
#.#.##.######.............#.#
#.#.##.# #.####.####.##.##
.......# ###.# #.#
#.##.######


You could see an enormous slime creature.

Vanquished Creatures
  Erica (D:11)
  2 hydras
  A two-headed ogre (D:9)
  An unseen horror (D:10)
  A centaur zombie (D:11)
  A gargoyle (D:9)
  A kobold demonologist (D:11)
  4 trolls
  A hornet (D:9)
  Grinder (D:5)
  A slime creature (D:12)
  3 hippogriffs
  A shadow (D:11)
  A wraith (D:10)
  Sigmund (D:4)
  Menkaure (D:4)
  A hungry ghost (D:11)
  3 water moccasins
  2 porcupines (D:10)
  3 black bears
  6 ice beasts
  5 orc warriors
  3 phantoms
  2 sky beasts
  3 centaurs
  8 ogres
  A big kobold (D:8)
  Blork the orc (D:6)
  10 bullfrogs
  A wyvern zombie (D:10)
  7 scorpions
  13 wights
  10 killer bees (D:8)
  7 crimson imps
  5 bullfrog skeletons
  8 hounds
  2 jellies
  6 centaur skeletons
  4 orc wizards
  7 orc priests
  3 iguanas
  4 worker ants
  2 hound zombies
  A worker ant zombie (D:5)
  Robin (D:3)
  14 adders
  A howler monkey skeleton (D:7)
  2 shadow imps
  4 oozes
  An adder zombie (D:8)
  An adder skeleton (D:9)
  2 worms
  3 dart slugs
  8 leopard geckos
  35 orcs
  11 bats
  3 giant cockroaches
  21 goblins
  10 hobgoblins
  10 jackals
  4 quokkas
  4 ball pythons
  6 frilled lizards
  8 kobolds
  A quokka skeleton (D:8)
  6 rats
  A fungus (D:10)
307 creatures vanquished.

Vanquished Creatures (others)
  14 fungi (D:10)
  5 plants (D:10)
19 creatures vanquished.

Grand Total: 326 creatures vanquished

Notes
Turn   | Place    | Note
-------+----------+-------------------------------------------
     0 | D:1      | Hebeh the Minotaur Fighter began the quest for the Orb.
     0 | D:1      | Reached XP level 1. HP: 19/19 MP: 0/0
   126 | D:1      | Reached skill level 3 in Axes
   126 | D:1      | Reached XP level 2. HP: 24/27 MP: 1/1
   488 | D:1      | Reached XP level 3. HP: 32/33 MP: 2/2
   929 | D:2      | Reached XP level 4. HP: 40/40 MP: 3/3
  1686 | D:3      | Reached skill level 4 in Axes
  1855 | D:3      | Reached XP level 5. HP: 47/47 MP: 4/4
  2088 | D:3      | Found a bloodstained altar of Trog.
  2093 | D:3      | Became a worshipper of Trog the Wrathful
  2099 | D:3      | Found a deep blue altar of Sif Muna.
  2100 | D:3      | Found a basalt altar of Yredelemnul.
  2100 | D:3      | Noticed Robin
  2118 | D:3      | Killed Robin
  2182 | D:3      | Found an opulent altar of Gozag.
  2735 | D:4      | Reached skill level 5 in Axes
  2759 | D:4      | Reached XP level 6. HP: 32/55 MP: 5/5
  2903 | D:4      | Noticed Sigmund
  2908 | D:4      | Killed Sigmund
  2908 | D:4      | Reached skill level 5 in Fighting
  2908 | D:4      | Reached skill level 1 in Slings
  2908 | D:4      | Reached skill level 5 in Armour
  2908 | D:4      | Reached skill level 5 in Shields
  3014 | D:4      | Reached * piety under Trog
  3202 | D:4      | Reached XP level 7. HP: 58/61 MP: 6/6
  3283 | D:4      | Reached skill level 6 in Axes
  3520 | D:4      | Noticed Menkaure
  3525 | D:4      | Killed Menkaure
  3875 | D:5      | Entered Level 5 of the Dungeon
  4400 | D:5      | Reached ** piety under Trog
  4740 | D:5      | Reached skill level 7 in Axes
  4740 | D:5      | Reached XP level 8. HP: 70/70 MP: 7/7
  5142 | D:5      | Noticed Grinder
  5143 | D:5      | Paralysed by Grinder for 4 turns
  5161 | D:5      | Killed Grinder
  5161 | D:5      | Reached skill level 8 in Axes
  5303 | D:5      | Got an iridescent dagger
  5522 | D:5      | Identified the +9 dagger "Zebuhy" {drain, MR+} (You found it on level 5 of the Dungeon)
  5917 | D:6      | Found a staircase to the Ecumenical Temple.
  6076 | D:6      | Noticed Blork the orc
  6080 | D:6      | Killed Blork the orc
  6168 | D:6      | Reached XP level 9. HP: 79/79 MP: 8/8
  7032 | D:7      | Reached skill level 9 in Axes
  7154 | D:7      | Reached skill level 1 in Throwing
  7154 | D:7      | Reached skill level 1 in Evocations
  7382 | D:7      | Reached *** piety under Trog
  8640 | D:8      | Reached skill level 10 in Axes
  8917 | D:8      | Reached XP level 10. HP: 52/88 MP: 10/10
  9214 | D:8      | Got a distressingly furry hat
  9880 | D:8      | Identified the +3 hat "Keudiras" {-Cast MP+9 Slay+3} (You found it on level 8 of the Dungeon)
 10290 | D:9      | Noticed a two-headed ogre
 10297 | D:9      | Killed a two-headed ogre
 11548 | D:10     | Entered Level 10 of the Dungeon
 11551 | D:10     | Noticed Maurice
 11571 | D:9      | Reached skill level 11 in Axes
 11914 | D:10     | Found a staircase to the Lair.
 11935 | D:10     | Paralysed by a hornet for 3 turns
 11951 | D:9      | Reached **** piety under Trog
 12345 | D:10     | Noticed a gargoyle
 12945 | D:9      | Killed a gargoyle
 13299 | Lair:1   | Entered Level 1 of the Lair of Beasts
 13359 | D:10     | Reached XP level 11. HP: 96/97 MP: 12/12
 13411 | D:10     | Killed an unseen horror
 13520 | D:10     | Found Huymim's Jewellery Emporium.
 13946 | D:11     | Found a blossoming altar of Fedhas.
 14050 | D:11     | Reached skill level 12 in Axes
 14265 | D:11     | Noticed Erica
 14292 | D:11     | Killed Erica
 14292 | D:11     | Reached skill level 5 in Throwing
 14832 | D:11     | Noticed a four-headed hydra
 14841 | D:11     | Killed a four-headed hydra
 15142 | D:12     | Noticed a four-headed hydra
 15152 | D:12     | Killed a four-headed hydra
 15297 | D:12     | Reached skill level 5 in Evocations
 15349 | D:11     | Demolished by an enormous slime creature

Vault maps used:
D:1:      elethiomel_arrival_infinity_welcomes_careful_drivers,
          minmay_hexomino_c4
D:2:      hex_intersection, minmay_misc_feat_tiny, small_statue_intersection
D:3:      grunt_temple_overflow_cloverleaf, uniq_robin
D:4:      lemuel_upstairs_altar, minmay_misc_feat_more_columns, uniq_sigmund,
          uniq_menkaure
D:5:      first_ration, uniq_grinder
D:6:      minmay_klotski, lemuel_temple_firewalk_b, uniq_blork_the_orc
D:10:     grunt_lair_entry_orc_guard_hut, serial_shops, kennysheep_little_box,
          uniq_maurice
D:11:     basic_altar, uniq_erica
D:12:     orc_0_dummy, serial_shops, kennysheep_mini

Skill      XL: |  1  2  3  4  5  6  7  8  9 10 11 |
---------------+----------------------------------+-----
Axes           | 3 4 5 7 8 10 11 12 | 12.7
Shields        | 4 5 6 7 8 9 |  9.8
Fighting       | 4 5 6 7 8 9 |  9.9
Armour         | 4 5 6 7 8 9 |  9.8
Slings         | 1 3 4 |  4.5
Throwing       | 2 4 5 |  5.5
Evocations     | 2 3 5 |  5.0

Action                   |  1- 3 |  4- 6 |  7- 9 | 10-12 || total
-------------------------+-------+-------+-------+-------++-------
Melee: War axe           |    86 |   118 |   258 |   309 ||   771
       Headbutt          |    10 |    18 |    42 |    82 ||   152
       Flail             |       |       |       |    10 ||    10
 Fire: Hunting sling     |       |    24 |   129 |    11 ||   164
Throw: Javelin           |       |       |    68 |    86 ||   154
Invok: Berserk           |       |       |       |     2 ||     2
       Trog's Hand       |       |       |       |     2 ||     2
  Use: Scroll            |       |       |     4 |    12 ||    16
  Eat: Chunk             |       |     8 |     7 |    13 ||    28
       Ration            |       |       |     3 |     3 ||     6
Armor: Scale mail        |    55 |    60 |   123 |    66 ||   304
       Plate armour      |       |       |       |   112 ||   112
Dodge: Dodged            |    27 |    32 |   119 |    91 ||   269
Block: Shield            |    57 |    67 |   189 |   202 ||   515

Table legend:
 A = Spawn XP
 B = Non-spawn XP
 C = Spawn XP percentage of total XP
 D = Spawn monster count
 E = Non-spawn monster count
 F = Spawn count percentage of total count
 G = Total turns spent on level
                    A         B        C        D         E        F      G
               +---------+---------+-------+---------+---------+-------+---------
         Total |       0 |   19919 |   0.0 |       0 |     306 |   0.0 | 15349
               +---------+---------+-------+---------+---------+-------+---------
           D:1 |       0 |      47 |   0.0 |       0 |      26 |   0.0 |   665
           D:2 |       0 |      79 |   0.0 |       0 |      20 |   0.0 |  1130
           D:3 |       0 |     152 |   0.0 |       0 |      38 |   0.0 |   913
           D:4 |       0 |     820 |   0.0 |       0 |      27 |   0.0 |  1167
           D:5 |       0 |    1288 |   0.0 |       0 |      29 |   0.0 |  1731
           D:6 |       0 |     848 |   0.0 |       0 |      19 |   0.0 |  1399
           D:7 |       0 |    1593 |   0.0 |       0 |      34 |   0.0 |  1498
           D:8 |       0 |    1393 |   0.0 |       0 |      23 |   0.0 |  1569
           D:9 |       0 |    3340 |   0.0 |       0 |      28 |   0.0 |  2814
          D:10 |       0 |    3170 |   0.0 |       0 |      30 |   0.0 |   999
          D:11 |       0 |    5616 |   0.0 |       0 |      27 |   0.0 |  1340
          D:12 |       0 |    1573 |   0.0 |       0 |       5 |   0.0 |   122
               +---------+---------+-------+---------+---------+-------+---------
